 Dungeon Crawl Stone Soup version 0.32-a0-961-gd60f5e5fc7 (webtiles) character file.

Game seed: 1985781574626677944

9345 Dylgear the Cleaver (level 11, -1/86 HPs)
             Began as a Formicid Fighter on Apr 18, 2024.
             Was a Believer of Wu Jian.
             Slain by a six-headed hydra (2 damage)
             ... while petrified by a basilisk
             ... on level 10 of the Dungeon.
             The game lasted 00:24:51 (10082 turns).

Dylgear the Cleaver (Formicid Fighter)             Turns: 10082, Time: 00:24:51

Health: -1/86      AC: 19    Str: 23    XL:     11   Next: 72%
Magic:  11/11      EV:  2    Int:  8    God:    Wu Jian [**....]
Gold:   655        SH:  0    Dex: 15    Spells: 10/10 levels left

rFire   . . .        b - +0 battleaxe (freeze)
rCold   . . .        c - +0 buckler
rNeg    + + +        P - +0 plate armour
rPois   ∞            (helmet unavailable)
rElec   .            (no cloak)
rCorr   .            o - +2 pair of gloves
SInv    +            r - +1 pair of boots
Will    +....        B - amulet of reflection Stlth
                     C - +5 ring of evasion
HPRegen 0.34/turn    I - +4 ring of slaying
MPRegen 0.12/turn

%: reflection
@: petrified
A: permanent stasis, dig shafts and tunnels, antennae 3, four strong arms
a: Dig, Shaft Self, Renounce Religion, Wall Jump


You were on level 10 of the Dungeon.
You worshipped Wu Jian.
Wu Jian was pleased with you.
You visited 2 branches of the dungeon, and saw 11 of its levels.
You also visited: Ossuary.

You collected 655 gold pieces.

Inventory:

Hand Weapons
 a - a +1 war axe of freezing
 b - a +0 battleaxe of freezing (weapon)
 j - a +5 scimitar
 O - a +2 flail of protection
Missiles
 f - 3 javelins
 M - 3 throwing nets
Armour
 c - a +0 buckler (worn)
 o - a +2 pair of gloves (worn)
 r - a +1 pair of boots (worn)
 K - a scarf of shadows
 P - a +0 plate armour (worn)
Jewellery
 B - an amulet of reflection (around neck)
 C - a +5 ring of evasion (left hand)
 I - a +4 ring of slaying (right hand)
Talismans
 p - a flux talisman
 u - a flux talisman
 x - a serpent talisman
 L - a maw talisman
Wands
 s - a wand of flame (20)
 G - a wand of mindburst (20)
 N - a wand of paralysis (8)
Scrolls
 h - 3 scrolls of noise
 l - a scroll of fog
 n - a scroll of blinking {unknown}
 v - 5 scrolls of identify
 w - 2 scrolls of poison
 y - a scroll of fear
 E - a scroll of acquirement {unknown}
 Q - a scroll of vulnerability
Potions
 d - a potion of invisibility
 e - 4 potions of mutation
 g - 2 potions of attraction
 i - a potion of ambrosia
 k - a potion of enlightenment
 m - 2 potions of lignification
 z - 4 potions of might
 D - 2 potions of heal wounds
 F - 5 potions of curing
 H - 2 potions of cancellation
 J - a potion of magic
Miscellaneous
 q - a lightning rod (4/4)


   Skills:
 * Level 8.2 Fighting
 * Level 11.9 Axes
 * Level 9.0 Armour
 + Level 1.6 Dodging
 + Level 0.9 Stealth
 * Level 11.1 Shields


You had 10 spell levels left.
You didn't know any spells.
Your spell library contained the following spells:

 Spells                   Type           Power      Damage    Failure   Level
 Apportation              Tloc           0%         N/A       100%        1
 Magic Dart               Conj           0%         1d3       100%        1
 Necrotise                Necr           0%         1d4       100%        1
 Sting                    Conj/Alch      0%         1d3       100%        1
 Summon Small Mammal      Summ           0%         N/A       100%        1
 Call Imp                 Summ           0%         N/A       100%        2
 Jinxbite                 Hex            0%         N/A       100%        2
 Dazzling Flash           Conj/Hex       0%         N/A       100%        3
 Hailstorm                Conj/Ice       0%         3d5       100%        3
 Mephitic Cloud           Conj/Alch/Air  0%         N/A       100%        3
 Summon Ice Beast         Ice/Summ       0%         N/A       100%        3
 Tukima's Dance           Hex            0%         N/A       100%        3
 Dimensional Bullseye     Hex/Tloc       0%         N/A       100%        4
 Iskenderun's Mystic Bla Conj/Tloc 0%             2d3        (+2d1     100%        4
 Alistair's Intoxication  Alch           0%         N/A       100%        5
 Silence                  Hex/Air        0%         N/A       100%        5
 Permafrost Eruption      Ice/Erth       0%         2x4d1     100%        6
 Sculpt Simulacrum        Ice/Alch       0%         N/A       100%        6
 Blink                    Tloc           Unusable   N/A       N/A         2

Dungeon Overview and Level Annotations

Branches:
Dungeon (10/15)            Temple (1/1) D:5         Ossuary (visited)
   Lair: D:8-11         Orc: D:9-12

Altars:
Ashenzari
Cheibriados
Dithmenos
Elyvilon
Fedhas
Gozag
Hepliaklqana
Kikubaaqudgha
Makhleb
Nemelex Xobeh
Okawaru
Qazlal
Ru
Sif Muna
Trog
Uskayaw
Vehumet
Wu Jian
Xom
Yredelemnul
Zin
The Shining One


Innate Abilities, Weirdness & Mutations

You cannot be hasted, slowed, berserked, paralysed or teleported.
You can dig through walls and to a lower floor.
You have a pair of large antennae on your head. (SInv)
Your four strong arms can wield two-handed weapons with a shield.


Message History

The basilisk gazes at you.
You easily resist.
A meliai comes into view. It is wielding a +0 antimagic war axe.
The basilisk bites you but does no damage.
The six-headed hydra bites you but does no damage. x2
The six-headed hydra bites you. The six-headed hydra barely misses you.
The six-headed hydra bites you!
The six-headed hydra completely misses you.
The six-headed hydra bites you but does no damage. x3
The six-headed hydra bites you.
The six-headed hydra bites you but does no damage.
The six-headed hydra bites you! The six-headed hydra bites you! x2
* * * LOW HITPOINT WARNING * * *
The six-headed hydra bites you!
* * * LOW HITPOINT WARNING * * *
The six-headed hydra bites you but does no damage.
The six-headed hydra bites you.
* * * LOW HITPOINT WARNING * * *
The six-headed hydra bites you but does no damage.
The six-headed hydra bites you but does no damage.
The six-headed hydra bites you!
* * * LOW HITPOINT WARNING * * *
The six-headed hydra bites you.
* * * LOW HITPOINT WARNING * * *
The six-headed hydra bites you!
* * * LOW HITPOINT WARNING * * *
The six-headed hydra bites you!
* * * LOW HITPOINT WARNING * * *
The six-headed hydra bites you but does no damage.
The six-headed hydra bites you.
* * * LOW HITPOINT WARNING * * *
The six-headed hydra bites you.
* * * LOW HITPOINT WARNING * * *
The six-headed hydra completely misses you.
The six-headed hydra bites you but does no damage.
The six-headed hydra bites you.
* * * LOW HITPOINT WARNING * * *
The six-headed hydra bites you.
You die...

#...#.......[...#.#####..#
###.#...........#.......##
##.........###.....##.
##.......## ##...##.. ##
##.)...## ##.##..# .. #..
###.### ###.### #.. ...
##.....## ##..####
..####..##.#####.## #.......
#......##.##@Dl##.###########
#.#....#.##.###y##.##........
#......#.#.##{ ,#.#.########
#....##.# { #..#........
#.#.##.##{{ #.##########
#####...#.## #.# ##......
........##.##{ { .####.######
.##......##.#####.##.###.....)
#.......##.....##...#####[.#


You could see a six-headed hydra, a basilisk and a meliai.

Vanquished Creatures
  A catoblepas (D:10)
  2 two-headed ogres (D:10)
  An orc knight (D:10)
  A cyclops (D:10)
  2 trolls
  A shadow (D:10)
  Sigmund (D:5)
  A wraith (D:9)
  A wyvern (D:9)
  10 yaks
  3 steam dragons (D:9)
  2 water moccasins
  An acid dragon (D:10)
  An ice beast (D:6)
  3 orc warriors
  2 black bears
  2 ogres (D:7)
  A sky beast (D:6)
  8 centaurs
  4 bullfrogs
  2 elf zombies (D:6)
  A kobold brigand (D:10)
  2 elf skeletons (D:6)
  4 gnoll sergeants
  A water moccasin zombie (Ossuary)
  4 scorpions
  A wight (Ossuary)
  5 killer bees (D:9)
  A howler monkey (D:10)
  A centaur zombie (Ossuary)
  2 hounds
  3 bullfrog zombies (Ossuary)
  2 orc priests
  3 jellies (D:4)
  An iguana (D:6)
  A human skeleton (D:6)
  A sleepcap (D:7)
  A scorpion zombie (Ossuary)
  An ogre zombie (Ossuary)
  16 gnolls
  6 adders
  A shadow imp (D:5)
  A white imp (D:4)
  An adder zombie (Ossuary)
  4 dart slugs
  3 ribbon worms
  11 orcs
  10 ball pythons
  8 endoplasms
  3 giant cockroaches
  5 goblins
  9 hobgoblins
  4 jackals (D:2)
  3 quokkas
  5 bats
  5 frilled lizards
  5 gnoll zombies (Ossuary)
  3 goblin zombies (Ossuary)
  4 hobgoblin zombies (Ossuary)
  15 kobolds
  An orc skeleton (D:6)
  2 orc zombies (Ossuary)
  3 rats
213 creatures vanquished.

Notes
Turn   | Place    | Note
-------+----------+-------------------------------------------
     0 | D:1      | Dylgear the Formicid Fighter began the quest for the Orb.
     0 | D:1      | Reached XP level 1. HP: 18/18 MP: 1/1
   105 | D:1      | Reached XP level 2. HP: 23/24 MP: 2/2
   366 | D:1      | Reached XP level 3. HP: 29/29 MP: 3/3
   953 | D:2      | Reached XP level 4. HP: 37/37 MP: 4/4
  1629 | D:3      | Reached XP level 5. HP: 6/42 MP: 5/5
  2194 | D:4      | Found a blossoming altar of Fedhas.
  2818 | D:4      | Reached skill level 5 in Shields
  2818 | D:4      | Reached XP level 6. HP: 43/48 MP: 6/6
  3231 | D:4      | Found a snail-covered altar of Cheibriados.
  3436 | D:5      | Entered Level 5 of the Dungeon
  3471 | D:5      | Reached skill level 5 in Axes
  3484 | D:5      | Noticed a black bear
  3492 | D:5      | Killed a black bear
  3493 | D:5      | Reached XP level 7. HP: 37/54 MP: 7/7
  3617 | D:5      | Found a staircase to the Ecumenical Temple.
  3619 | D:5      | Noticed a water moccasin
  3635 | D:5      | Killed a water moccasin
  3650 | Temple   | Entered the Ecumenical Temple
  3980 | D:5      | Identified the +3 leather armour "Ymmeoruk" {rC+ SInv}
  4174 | D:5      | Noticed Sigmund
  4178 | D:5      | Killed Sigmund
  4179 | D:5      | Reached skill level 5 in Armour
  4179 | D:5      | Reached XP level 8. HP: 61/61 MP: 8/8
  4811 | D:6      | Found a sand-covered staircase.
  4827 | Ossuary  | Entered an ossuary
  4895 | Ossuary  | Reached skill level 5 in Fighting
  5040 | Ossuary  | Reached XP level 9. HP: 68/68 MP: 9/9
  5040 | Ossuary  | Noticed a silent spectre
  5197 | D:6      | Found a glowing golden altar of the Shining One.
  6056 | D:6      | Found an ornate altar of the Wu Jian Council.
  6058 | D:6      | Found a shimmering blue altar of Sif Muna.
  6066 | D:6      | Became a worshipper of the Wu Jian Council
  6531 | D:7      | Found a burning altar of Makhleb.
  6591 | D:7      | Reached XP level 10. HP: 60/77 MP: 10/10
  6597 | D:7      | Reached skill level 10 in Axes
  6597 | D:7      | Reached skill level 1 in Dodging
  7393 | D:8      | Reached * piety under Wu Jian
  9137 | D:10     | Entered Level 10 of the Dungeon
  9256 | D:10     | Noticed a cyclops
  9409 | D:10     | Killed a cyclops
  9410 | D:10     | Reached XP level 11. HP: 80/84 MP: 11/11
  9484 | D:10     | Noticed a two-headed ogre
  9489 | D:10     | Reached skill level 10 in Shields
  9500 | D:10     | Killed a two-headed ogre
  9504 | D:10     | Reached ** piety under Wu Jian
  9552 | D:10     | Noticed a two-headed ogre
  9559 | D:10     | Killed a two-headed ogre
  9847 | D:10     | Noticed a catoblepas
  9858 | D:10     | Killed a catoblepas
 10061 | D:10     | Noticed an orc knight
 10068 | D:10     | Killed an orc knight
 10074 | D:10     | Noticed a six-headed hydra
 10076 | D:10     | Noticed a meliai
 10081 | D:10     | HP: 4/86 [six-headed hydra (4)]
 10082 | D:10     | HP: 1/86 [six-headed hydra (1)]
 10082 | D:10     | Slain by a six-headed hydra

Illustrated notes

Levels and vault maps discovered:
D:1:      dpeg_arrival_more_subterranean_lakeside_camping, layout_loops_ring
D:2:      layout_rooms
D:3:      layout_basic
D:4:      layout_cave_pods, fedhas_altar_2, cheibrodos_worm_habitat
D:5:      mumra_celtic_spiral_tile, layout_basic,
          minmay_temple_entry_junction_2, item_on_display_a, uniq_sigmund
D:6:      layout_layer_cave, minitemple, nicolae_ossuary_entry_catacombs
D:7:      layout_loops_ring, lightli_temple_of_fire
D:8:      layout_basic
D:9:      layout_loops_corners
D:10:     minmay_the_grid_octo_2x2 [minmay_the_grid_octo_empty,
          minmay_the_grid_octo_77, minmay_the_grid_octo_toaster,
          minmay_the_grid_octo_prize_single_spiral], layout_stronghold,
          david_lair_shrubbed
Temple:   nicolae_temple_slightly_damp_pantheon

Skill      XL: |  1  2  3  4  5  6  7  8  9 10 11 |
---------------+----------------------------------+-----
Armour         | 4 5 6 8 9 |  9.0
Axes           | 3 4 5 6 7 9 11 | 11.9
Shields        | 5 6 7 9 11 | 11.1
Fighting       | 4 5 6 7 8 |  8.2
Dodging        | 1 |  1.6
Stealth        | |  0.9

Action                     |  1- 3 |  4- 6 |  7- 9 | 10-12 || total
---------------------------+-------+-------+-------+-------++-------
  Melee: War axe           |    86 |   425 |   221 |   120 ||   852
         Battleaxe         |       |       |       |    65 ||    65
Ability: Lunge             |       |       |     3 |     9 ||    12
         Whirlwind         |       |       |       |     4 ||     4
    Use: Scroll            |     3 |     4 |     9 |     9 ||    25
         Potion            |       |     2 |       |       ||     2
   Stab: Petrified         |       |       |       |     1 ||     1
 Armour: Scale mail        |    57 |    42 |       |       ||    99
         Chain mail        |       |    90 |    93 |    11 ||   194
         Plate armour      |       |       |       |   119 ||   119
  Dodge: Dodged            |    32 |    79 |    86 |    77 ||   274
  Block: Buckler           |    20 |    45 |   119 |   128 ||   312
         Reflection        |       |     1 |     2 |     9 ||    12

Table legend: (Time is in decaauts)
 A = Elapsed time spent in this place.
 B = Non-inter-level travel time spent in this place.
 C = Inter-level travel time spent in this place.
 D = Time resting spent in this place.
 E = Time spent auto-exploring this place.
 F = Levels seen in this place.
 G = Mean time per level.
                   A        B        C        D        E       F      G
               +--------+--------+--------+--------+--------+-----+--------+
         Total |  10320 |   9703 |    617 |    963 |   6006 |  12 |  860.0 |
       Dungeon |   9999 |   9382 |    617 |    914 |   6005 |  10 |  999.9 |
        Temple |     51 |     51 |      0 |      0 |      0 |   1 |   51.0 |
       Ossuary |    269 |    269 |      0 |     49 |      1 |   1 |  269.0 |
               +--------+--------+--------+--------+--------+-----+--------+

Top non-repeatable levels by time:
     D:9: 1398 daAuts
     D:4: 1295 daAuts
     D:5: 1274 daAuts
     D:6: 1223 daAuts
     D:7: 1143 daAuts
     D:3: 996 daAuts
    D:10: 770 daAuts
     D:1: 752 daAuts
     D:2: 583 daAuts
     D:8: 561 daAuts
 Ossuary: 269 daAuts
  Temple: 51 daAuts
